 Dungeon Crawl Stone Soup version 0.28-a0-535-g6f645e4c1d (webtiles) character file.

Game seed: 4501266296164873370

1701 thewiebster the Shield-Bearer (level 9, -1/61 (73) HPs)
             Began as a Gnoll Fighter on Sept 26, 2021.
             Was a Believer of Okawaru.
             Slain by Harold (2 damage)
             ... on level 7 of the Dungeon.
             The game lasted 00:24:49 (7049 turns).

thewiebster the Shield-Bearer (Gnoll Fighter)       Turns: 7049, Time: 00:24:50

HP:   -1/61 (73)    AC:  9    Str: 19    XL:     9   Next: 3%
MP:   14/14         EV: 11    Int:  8    God:    Okawaru [**....]
Gold: 955           SH:  6    Dex: 11    Spells: 15/15 levels left

rFire   . . .      SeeInvis .   a - +0 flail
rCold   . . .      Faith    .   c - +1 buckler
rNeg    . . .      Spirit   .   b - +0 scale mail
rPois   .          Reflect  .   (no helmet)
rElec   .          Harm     .   k - +0 cloak
rCorr   .          Rampage  .   (no gloves)
Will    .....                   (no boots)
Stlth   +.........              (no amulet)
HPRegen 0.20/turn               (no ring)
MPRegen 0.14/turn               (no ring)

@: marked, heavily drained
A: fangs 1, strong nose, distributed training
a: Renounce Religion, Heroism


You were on level 7 of the Dungeon.
You worshipped Okawaru.
Okawaru was pleased with you.
You visited 2 branches of the dungeon, and saw 8 of its levels.

You collected 955 gold pieces.

Inventory:

Hand Weapons
 a - a +0 flail (weapon)
 g - a +0 dagger
 q - a +4 hunting sling
 r - a +0 hand axe
 w - a +0 shortbow
 z - a +0 hand crossbow
Missiles
 h - 158 stones
 j - 129 arrows
 l - 34 bolts
 m - 8 poisoned darts (quivered)
 s - 4 boomerangs
 v - 35 sling bullets
Armour
 b - a +0 scale mail (worn)
 c - a +1 buckler (worn)
 k - a +0 cloak (worn)
Jewellery
 i - a ring of flight
Wands
 y - a wand of iceblast (5)
Scrolls
 n - 5 scrolls of identify
 o - 2 scrolls of fear
 u - a scroll of enchant armour
Potions
 d - 2 potions of might
 e - a potion of heal wounds
 f - 2 potions of degeneration
 p - a potion of attraction
 t - a potion of magic
 x - a potion of berserk rage {unknown}


   Skills:
 + Level 7.6 Fighting
 + Level 3.8 Short Blades
 + Level 3.8 Long Blades
 + Level 3.8 Axes
 + Level 6.0 Maces & Flails
 + Level 3.8 Polearms
 + Level 3.8 Staves
 + Level 3.8 Slings
 + Level 3.8 Bows
 + Level 3.8 Crossbows
 + Level 3.8 Throwing
 + Level 7.6 Armour
 + Level 3.8 Dodging
 + Level 3.8 Stealth
 + Level 7.6 Shields
 + Level 3.8 Unarmed Combat
 + Level 3.8 Spellcasting
 + Level 3.1 Conjurations
 + Level 3.1 Hexes
 + Level 3.1 Summonings
 + Level 3.1 Necromancy
 + Level 3.1 Translocations
 + Level 3.1 Transmutations
 + Level 3.1 Fire Magic
 + Level 3.1 Ice Magic
 + Level 3.1 Air Magic
 + Level 3.1 Earth Magic
 + Level 3.1 Poison Magic
 + Level 4.2 Invocations
 + Level 3.8 Evocations


You had 15 spell levels left.
You didn't know any spells.
Your spell library contained the following spells:

 Spells                   Type           Power      Damage    Failure   Level
 Beastly Appendage        Tmut           12%        N/A       22%         1
 Wereblood                Tmut           6%         N/A       32%         2
 Dazzling Flash           Conj/Hex       12%        N/A       54%         3
 Ozocubu's Armour         Ice            6%         N/A       54%         3
 Portal Projectile        Hex/Tloc       12%        N/A       54%         3
 Spider Form              Tmut/Pois      3%         N/A       54%         3
 Leda's Liquefaction      Hex/Erth       3%         N/A       91%         4
 Olgreb's Toxic Radiance  Pois           6%         N/A       91%         4
 Agony                    Necr           6%         N/A       99%         5
 Blade Hands              Tmut           3%         N/A       99%         5
 Metabolic Englaciation   Hex/Ice        3%         N/A       99%         5
 Silence                  Hex/Air        3%         N/A       99%         5
 Iron Shot                Conj/Erth      3%         9d2       100%        6
 Ozocubu's Refrigeration  Ice            3%         4d5       100%        7
 Ignition                 Fire           3%         3d4       100%        8
 Call Canine Familiar     Summ           Unusable   N/A       N/A         3
 Animate Armour           Summ/Erth      Unusable   N/A       N/A         4
 Simulacrum               Ice/Necr       Unusable   N/A       N/A         6

Dungeon Overview and Level Annotations

Branches:
Dungeon (7/15)             Temple (1/1) D:4

Altars:
Cheibriados
Dithmenos
Elyvilon
Hepliaklqana
Kikubaaqudgha
Makhleb
Nemelex Xobeh
Okawaru
Qazlal
Ru
Sif Muna
Trog
Uskayaw
Vehumet
Wu Jian
Xom
Yredelemnul
Zin
The Shining One
Lugonu

Shops:
D:5 *

Annotations:
D:3 Sigmund en Natasja!, Natasha, Sigmund
D:4 exclusion: statue
D:5 exclusion: downstairs
D:7 Harold


Innate Abilities, Weirdness & Mutations

You have very sharp teeth.
Your uncanny sense of smell can sniff out nearby items.
Your experience applies equally to all skills.


Message History

Harold is moderately wounded.
Harold closely misses you. Harold hits you but does no damage.
You feel drained.
You sock Harold!
Harold is heavily wounded.
Harold casts a spell at you. The mark upon you grows brighter.
You sock Harold! You bite Harold, but do no damage.
Harold is heavily wounded.
Harold points at you and mumbles some strange words.
The mark upon you grows brighter.
You hit Harold but do no damage.
Harold is heavily wounded.
Harold closely misses you.
You barely miss Harold.
Harold is heavily wounded.
Harold hits you with a +0 long sword of draining!
You feel drained.
You barely miss Harold. You bite Harold, but do no damage.
Harold is heavily wounded.
Harold hits you with a +0 long sword of draining!!
* * * LOW HITPOINT WARNING * * *
You feel drained.
* * * LOW HITPOINT WARNING * * *
You barely miss Harold.
Harold is heavily wounded.
The jelly jiggles.
Harold hits you with a +0 long sword of draining!
* * * LOW HITPOINT WARNING * * *
You feel drained.
* * * LOW HITPOINT WARNING * * *
You hit Harold. You bite Harold, but do no damage.
Harold is heavily wounded.
You block Harold's attack.
You hit Harold but do no damage.
Harold is heavily wounded.
Harold hits you with a +0 long sword of draining!
* * * LOW HITPOINT WARNING * * *
You feel drained.
You die...

#...........#
#.########### #.# ##.##
##...## #.#.#.######
.##........#
#.###.####.###########..
##.#.## #......@@J.(((.
##.## ##############.
###


You could see Harold (very poisoned) and a jelly.

Vanquished Creatures
  A water moccasin (D:5)
  2 black bears (D:5)
  2 ice beasts (D:6)
  2 sky beasts
  A centaur (D:5)
  2 ogres
  A phantom (D:6)
  A wyvern zombie (D:5)
  2 scorpions
  2 hounds
  3 jellies
  An orc priest (D:3)
  3 bullfrog skeletons
  2 iguanas
  Natasha (D:3)
  A hound skeleton (D:5)
  7 adders
  A howler monkey skeleton (D:6)
  A shadow imp (D:5)
  A white imp (D:7)
  An adder skeleton (D:4)
  2 worms (D:4)
  A dart slug (D:1)
  8 orcs
  3 bats
  10 endoplasms
  3 giant cockroaches
  7 goblins
  6 hobgoblins
  8 jackals
  5 quokkas (D:1)
  3 ball pythons
  4 frilled lizards
  6 kobolds
  8 rats
112 creatures vanquished.

Vanquished Creatures (others)
  3 toadstools (D:2)
3 creatures vanquished.

Grand Total: 115 creatures vanquished

Notes
Turn   | Place    | Note
-------+----------+-------------------------------------------
     0 | D:1      | thewiebster the Gnoll Fighter began the quest for the Orb.
     0 | D:1      | Reached XP level 1. HP: 23/23 MP: 1/1
   166 | D:1      | Reached XP level 2. HP: 29/29 MP: 2/2
   717 | D:1      | Reached XP level 3. HP: 33/35 MP: 3/3
  1178 | D:1      | Reached skill level 1 in Invocations
  1468 | D:2      | Reached skill level 1 in Short Blades
  1468 | D:2      | Reached skill level 1 in Long Blades
  1468 | D:2      | Reached skill level 1 in Axes
  1468 | D:2      | Reached skill level 1 in Polearms
  1468 | D:2      | Reached skill level 1 in Staves
  1468 | D:2      | Reached skill level 1 in Slings
  1468 | D:2      | Reached skill level 1 in Bows
  1468 | D:2      | Reached skill level 1 in Crossbows
  1468 | D:2      | Reached skill level 1 in Throwing
  1468 | D:2      | Reached skill level 1 in Dodging
  1468 | D:2      | Reached skill level 1 in Stealth
  1468 | D:2      | Reached skill level 1 in Unarmed Combat
  1468 | D:2      | Reached skill level 1 in Spellcasting
  1468 | D:2      | Reached skill level 1 in Evocations
  1472 | D:2      | Reached XP level 4. HP: 40/41 MP: 5/5
  1711 | D:2      | Found a faded altar of an unknown god.
  2080 | D:3      | Noticed Natasha
  2092 | D:3      | Killed Natasha
  2093 | D:3      | Reached skill level 1 in Conjurations
  2093 | D:3      | Reached skill level 1 in Hexes
  2093 | D:3      | Reached skill level 1 in Summonings
  2093 | D:3      | Reached skill level 1 in Necromancy
  2093 | D:3      | Reached skill level 1 in Translocations
  2093 | D:3      | Reached skill level 1 in Transmutations
  2093 | D:3      | Reached skill level 1 in Fire Magic
  2093 | D:3      | Reached skill level 1 in Ice Magic
  2093 | D:3      | Reached skill level 1 in Air Magic
  2093 | D:3      | Reached skill level 1 in Earth Magic
  2093 | D:3      | Reached skill level 1 in Poison Magic
  2610 | D:3      | Reached XP level 5. HP: 47/47 MP: 5/7
  2954 | D:3      | Noticed Sigmund
  2954 | D:3      | Noticed Natasha
  3231 | D:4      | Found a radiant altar of Vehumet.
  3231 | D:4      | Noticed a charred statue
  3462 | D:4      | Reached XP level 6. HP: 29/53 MP: 8/8
  3675 | D:4      | Found a staircase to the Ecumenical Temple.
  3680 | D:4      | Reached skill level 5 in Maces & Flails
  3789 | Temple   | Entered the Ecumenical Temple
  3853 | Temple   | Became a worshipper of Warmaster Okawaru
  4362 | D:5      | Entered Level 5 of the Dungeon
  4362 | D:5      | Found Bennoch's General Store.
  4387 | D:5      | Reached XP level 7. HP: 45/59 MP: 10/10
  5167 | D:5      | Reached * piety under Okawaru
  5432 | D:5      | Reached XP level 8. HP: 67/67 MP: 12/12
  5459 | D:5      | Found a shadowy altar of Dithmenos.
  5935 | D:6      | Identified a scroll of acquirement
  5935 | D:6      | Acquired 634 gold pieces
  6127 | D:6      | Reached ** piety under Okawaru
  6539 | D:6      | Reached XP level 9. HP: 63/72 MP: 14/14
  6800 | D:6      | Found a hide-covered altar of Uskayaw.
  6803 | D:6      | Found a shimmering altar of Xom.
  6805 | D:6      | Found an ornate altar of the Wu Jian Council.
  6806 | D:6      | Found a glowing golden altar of the Shining One.
  6807 | D:6      | Found a bloodstained altar of Trog.
  6807 | D:6      | Found a sparkling altar of Nemelex Xobeh.
  6807 | D:6      | Found a burning altar of Makhleb.
  6807 | D:6      | Found a stormy altar of Qazlal.
  6807 | D:6      | Found a glowing silver altar of Zin.
  6812 | D:6      | Found a sacrificial altar of Ru.
  7031 | D:7      | Noticed Harold
  7049 | D:7      | HP: 1/63 [Harold (8)]
  7049 | D:7      | Slain by Harold

Illustrated notes

Levels and vault maps discovered:
D:1:      minmay_arrival_split_and_join, layout_basic
D:2:      layout_loops_ring, shapermc_ecumenical_altar_notcrosses, st_stairs_14,
          serial_park_tiny_pond, minmay_gold_behind_fungi, minmay_diced_spiral
D:3:      layout_basic, serial_aquarium, aquarium_bridge_square
          [aquarium_subvault_bridge, aquarium_subvault_window,
          aquarium_subvault_bridge, aquarium_subvault_window],
          aquarium_window_corridor_1, aquarium_window_2, aquarium_window_fake,
          aquarium_view_2d, aquarium_balcony_5b, aquarium_pool_corner,
          roderic_lattice_a, minmay_misc_feat_enclosed, uniq_natasha,
          uniq_sigmund
D:4:      layout_basic, vehumet_statue, minmay_temple_entry_waves, minivault_4
D:5:      layout_basic, mainiacjoe_overflow_surrounded_room, serial_shops,
          nicolae_shop_crystal, minivault_25
D:6:      layout_rooms, minitemple, lightli_ossuary_entry_decrepit_ruins
D:7:      layout_loops_ring, lemuel_round_altar, uniq_duvessa,
          uniq_prince_ribbit1, uniq_harold
Temple:   corrupted_temple

Skill      XL: |  1  2  3  4  5  6  7  8 |
---------------+-------------------------+-----
Invocations    | 1 2 3 4 |  4.2
Short Blades   | 1 2 3 |  3.8
Long Blades    | 1 2 3 |  3.8
Axes           | 1 2 3 |  3.8
Polearms       | 1 2 3 |  3.8
Staves         | 1 2 3 |  3.8
Slings         | 1 2 3 |  3.8
Bows           | 1 2 3 |  3.8
Crossbows      | 1 2 3 |  3.8
Throwing       | 1 2 3 |  3.8
Dodging        | 1 2 3 |  3.8
Stealth        | 1 2 3 |  3.8
Unarmed Combat | 1 2 3 |  3.8
Spellcasting   | 1 2 3 |  3.8
Evocations     | 1 2 3 |  3.8
Conjurations   | 1 2 3 |  3.1
Hexes          | 1 2 3 |  3.1
Summonings     | 1 2 3 |  3.1
Necromancy     | 1 2 3 |  3.1
Translocations | 1 2 3 |  3.1
Transmutations | 1 2 3 |  3.1
Fire Magic     | 1 2 3 |  3.1
Ice Magic      | 1 2 3 |  3.1
Air Magic      | 1 2 3 |  3.1
Earth Magic    | 1 2 3 |  3.1
Poison Magic   | 1 2 3 |  3.1
Maces & Flails | 5 6 |  6.0
Fighting       | 7 |  7.6
Armour         | 7 |  7.6
Shields        | 7 |  7.6

Action                   |  1- 3 |  4- 6 |  7- 9 || total
-------------------------+-------+-------+-------++-------
Melee: Flail             |   130 |   163 |   203 ||   496
       Bite              |    15 |    17 |    30 ||    62
 Fire: Hunting sling     |       |    10 |     3 ||    13
       Hand crossbow     |       |       |     8 ||     8
Throw: Stone             |       |     5 |    54 ||    59
       Dart              |       |       |     3 ||     3
  Use: Scroll            |       |       |     9 ||     9
Armor: Scale mail        |    51 |    93 |    67 ||   211
Dodge: Dodged            |    46 |    89 |    84 ||   219
Block: Buckler           |    33 |    63 |    52 ||   148

Table legend: (Time is in decaauts)
 A = Elapsed time spent in this place.
 B = Non-inter-level travel time spent in this place.
 C = Inter-level travel time spent in this place.
 D = Time resting spent in this place.
 E = Time spent auto-exploring this place.
 F = Levels seen in this place.
 G = Mean time per level.
                   A        B        C        D        E       F      G
               +--------+--------+--------+--------+--------+-----+--------+
         Total |   7134 |   6926 |    208 |   1066 |   4253 |   8 |  891.8 |
       Dungeon |   7050 |   6858 |    192 |   1066 |   4230 |   7 | 1007.1 |
        Temple |     83 |     67 |     16 |      0 |     23 |   1 |   83.0 |
               +--------+--------+--------+--------+--------+-----+--------+

Top non-repeatable levels by time:
     D:5: 1566 daAuts
     D:1: 1290 daAuts
     D:3: 1091 daAuts
     D:4: 1010 daAuts
     D:6: 992 daAuts
     D:2: 952 daAuts
     D:7: 148 daAuts
  Temple: 83 daAuts
